 Dungeon Crawl Stone Soup version 0.27.1-1-g398f81649c (webtiles) character file.

Game seed: 16594039925137709961

60 Descartes the Stinger (level 4, -2/36 HPs)
             Began as a Naga Venom Mage on Sept 6, 2021.
             Slain by a gnoll (6 damage)
             ... on level 2 of the Dungeon.
             The game lasted 00:07:01 (1846 turns).

Descartes the Stinger (Naga Venom Mage)             Turns: 1846, Time: 00:07:01

Health: -2/36      AC:  2    Str: 17    XL:     4   Next: 6%
Magic:  7/7        EV: 10    Int: 16    God:
Gold:   49         SH:  0    Dex: 11    Spells: 6/7 levels left

rFire    . . .     SeeInvis +   j - +0 lajatang
rCold    . . .     Faith    .   (shield currently unavailable)
rNeg     . . .     Spirit   .   a - +0 robe
rPois    +         Reflect  .   (no helmet)
rElec    .         Harm     .   (no cloak)
rCorr    .         Rampage  .   (no gloves)
Will     .....                  (no barding)
Stlth    ++........             (no amulet)
HPRegen  0.12/turn              b - +6 ring of strength
MPRegen  0.10/turn              (no ring)

@: very slow
A: AC +1, large, see invisible, deformed body, poison resistance, slowness 2,
spit poison 1, naga tail 1
a: Spit Poison


You were on level 2 of the Dungeon.
You visited 1 branch of the dungeon, and saw 2 of its levels.

You collected 49 gold pieces.

Inventory:

Hand Weapons
 j - a +0 lajatang (weapon)
Missiles
 c - 62 stones
 k - 36 bolts
 l - 27 arrows
 m - 31 sling bullets
 n - 11 poisoned darts
Armour
 a - a +0 robe (worn)
 f - a +0 chain mail
Jewellery
 b - a +6 ring of strength (left hand)
Scrolls
 g - a scroll of enchant weapon {unknown}
 i - a scroll of identify {unknown}
Potions
 d - a potion of lignification {unknown}
 e - a potion of curing {unknown}
 h - 2 potions of flight {unknown}


   Skills:
 + Level 2.1 Dodging
 + Level 3.9 Stealth
 + Level 2.4 Spellcasting
 + Level 1.8 Transmutations
 + Level 4.5 Poison Magic


You had 6 spell levels left.
You knew the following spells:

 Your Spells              Type           Power      Damage    Failure   Level
a - Sting                 Tmut/Pois      48%        1d5       5%          1

Your spell library contained the following spells:

 Spells                   Type           Power      Damage    Failure   Level
 Poisonous Vapours        Pois/Air       18%        N/A       12%         2
 Olgreb's Toxic Radiance  Pois           16%        N/A       30%         4
 Mephitic Cloud           Conj/Pois/Air  6%         N/A       32%         3


Dungeon Overview and Level Annotations

Branches:
Dungeon (2/15)

Altars:


Innate Abilities, Weirdness & Mutations

Your serpentine skin is tough. (AC +1)
You have supernaturally acute eyesight. (SInv)
Armour fits poorly on your strangely shaped body.
Your system is resistant to poisons. (rPois)
You cover ground very slowly.
You can spit poison.
You have a snake-like lower body.


Message History

Press: ? - help, Shift-Dir - straight line, f/p - gnoll
Aim: a gnoll, wielding a +0 halberd (heavily wounded, poisoned, 75% to hit)
The sting hits the gnoll but does no damage.
The gnoll looks even sicker.
The gnoll is heavily wounded.
The gnoll hits you from afar with a +0 halberd.
Casting: Sting (safe; 5% risk of failure)
Confirm with . or Enter, or press ? or * to list all spells.
Aiming: Sting (safe; 5% risk of failure)
Press: ? - help, Shift-Dir - straight line, f/p - gnoll
Aim: a gnoll, wielding a +0 halberd (heavily wounded, very poisoned, 75% to hit)
The sting hits the gnoll.
The gnoll looks even sicker.
The gnoll is almost dead.
The gnoll closely misses you.
Casting: Sting (safe; 5% risk of failure)
Confirm with . or Enter, or press ? or * to list all spells.
Aiming: Sting (safe; 5% risk of failure)
Press: ? - help, Shift-Dir - straight line, f/p - gnoll
Aim: a gnoll, wielding a +0 halberd (almost dead, very poisoned, 75% to hit)
The sting hits the gnoll.
The gnoll looks as sick as possible!
You kill the gnoll!
You have reached level 4!
You feel stronger.
k - 36 bolts (gained 15) 2 gnolls come into view.
The gnoll closely misses you.
The gnoll hits you from afar with a +0 halberd!
The gnoll hits you from afar with a +0 halberd!
The gnoll hits you from afar with a +0 halberd.
* * * LOW HITPOINT WARNING * * *
The gnoll closely misses you. The gnoll barely misses you.
The gnoll hits you from afar with a +0 halberd!
* * * LOW HITPOINT WARNING * * *
The gnoll closely misses you. The gnoll misses you.
There is an open door here.
The gnoll barely misses you.
The gnoll hits you from afar with a +0 halberd.
You die...

#....#####.....#
#....# #.....#
#....# #.....#
###### #.....#
##'#### #.# #.#
#g##########
#..@.......#
##########.#
#<.†....#
#..#..###
#.####..#.#######
#.......#.......#
######....#####.#
#############.#
.....^........#


You could see a gnoll.

Vanquished Creatures
  An adder (D:2)
  A gnoll (D:2)
  A worm (D:2)
  3 dart slugs (D:1)
  4 ball pythons (D:1)
  An endoplasm (D:2)
  2 goblins
  6 hobgoblins (D:1)
  4 jackals (D:1)
  2 quokkas
  A bat (D:1)
  3 frilled lizards (D:1)
  A kobold (D:1)
  4 rats (D:1)
34 creatures vanquished.

Vanquished Creatures (others)
  A fungus (D:2)
  25 plants (D:1)
26 creatures vanquished.

Grand Total: 60 creatures vanquished

Notes
Turn   | Place    | Note
-------+----------+-------------------------------------------
     0 | D:1      | Descartes the Naga Venom Mage began the quest for the Orb.
     0 | D:1      | Reached XP level 1. HP: 15/15 MP: 3/3
   176 | D:1      | Reached XP level 2. HP: 22/22 MP: 5/5
   466 | D:1      | Reached XP level 3. HP: 24/28 MP: 0/6
  1683 | D:2      | Reached XP level 4. HP: 20/36 MP: 1/7
  1846 | D:2      | Slain by a gnoll

Illustrated notes

Levels and vault maps discovered:
D:1:      minmay_arrival_doors, layout_basic, kennysheep_boxes
D:2:      layout_basic, uniq_crazy_yiuf_cottage

Skill      XL: |  1  2  3 |
---------------+----------+-----
Dodging        | 2 |  2.1
Stealth        | |  3.9
Spellcasting   | |  2.4
Transmutations | |  1.8
Poison Magic   | |  4.5

Action                   |  1- 3 |  4- 6 || total
-------------------------+-------+-------++-------
Melee: Unarmed           |    11 |       ||    11
       Lajatang          |    11 |       ||    11
 Cast: Sting             |    46 |       ||    46
 Abil: Spit Poison       |    18 |       ||    18
Armor: Robe              |    10 |       ||    10
Dodge: Dodged            |    24 |     6 ||    30
